 Dungeon Crawl Stone Soup version 0.21-a0-509-gecc5317 (webtiles) character file.

778 BingusPrime the Martial Artist (level 7, -7/43 HPs)
             Began as an Octopode Transmuter on Nov 29, 2017.
             Was an Initiate of Sif Muna.
             Shot with an arrow by a centaur (12 damage)
             ... on level 5 of the Dungeon.
             The game lasted 00:26:53 (7100 turns).

BingusPrime the Martial Artist (OpTm)               Turns: 7100, Time: 00:26:53

Health: -7/43      AC:  1    Str: 10    XL:     7   Next: 85%
Magic:  6/11       EV: 14    Int: 15    God:    Sif Muna [......]
Gold:   278        SH:  0    Dex: 18    Spells: 5/11 levels left

rFire    . . .     SeeInvis .     - Unarmed
rCold    . . .     Gourm    .   (no shield)
rNeg     . . .     Faith    .   (helmet restricted)
rPois    .         Spirit   .   (no amulet)
rElec    .         Reflect  .   p - +4 ring of dexterity
rCorr    .         Harm     .   (no ring)
MR       .....                  (no ring)
Stlth    +++.......             (no ring)
HPRegen  0.14/turn              (no ring)
MPRegen  0.12/turn              (no ring)
                                (no ring)
                                (no ring)

@: no status effects
A: almost no armour, stealthy swim, amphibious, 8 rings, constrict 8, camouflage
1, gelatinous body 1
a: Renounce Religion


You were on level 5 of the Dungeon.
You worshipped Sif Muna.
Sif Muna was noncommittal.
You were very hungry.

You visited 1 branch of the dungeon, and saw 6 of its levels.

You collected 278 gold pieces.

Inventory:

Hand Weapons
 s - a +0 spear of piercing
 A - a cursed -2 spear
Missiles
 a - 92 arrows
 t - 4 javelins of penetration (quivered)
 B - 2 tomahawks
Jewellery
 p - a +4 ring of dexterity (left tentacle)
Scrolls
 d - a scroll of amnesia {unknown}
 f - 2 scrolls of fog {unknown}
 h - 4 scrolls of enchant armour {unknown}
 k - 2 scrolls of remove curse {unknown}
 m - 2 scrolls of teleportation {unknown}
 o - 2 scrolls of immolation {unknown}
 q - 2 scrolls of enchant weapon {unknown}
 r - a scroll of noise {unknown}
 x - 2 scrolls of identify
Potions
 e - 2 potions of heal wounds {unknown}
 g - a potion of magic
 l - a potion of agility
 n - a potion of ambrosia
 u - 2 potions of cancellation {unknown}
 w - a potion of curing {unknown}
 z - a potion of lignification {unknown}
Books
 b - a book of Changes

   Spells                             Type                      Level
   a - Beastly Appendage              Transmutation                1
   b - Sticks to Snakes               Transmutation                2
   c - Spider Form                    Transmutation/Poison         3
   d - Ice Form                       Ice/Transmutation            4
   e - Blade Hands                    Transmutation                5
 y - Sif Muna's Handbook of Weightlessness
   (You found it on level 4 of the Dungeon)

   Spells                             Type                      Level
   a - Shock                          Conjuration/Air              1
Comestibles
 c - a bread ration
 i - 2 meat rations
 j - 3 royal jellies
 v - 2 fruits


   Skills:
 - Level 1.0 Fighting
 * Level 2.4 Dodging
 + Level 1.3 Stealth
 + Level 8.4 Unarmed Combat
 * Level 2.7 Spellcasting
 * Level 2.2 Transmutations
 - Level 0.2 Poison Magic


You had 5 spell levels left.
You knew the following spells:

 Your Spells              Type           Power        Failure   Level  Hunger
a - Beastly Appendage     Tmut           #.....       9%          1    #......
b - Spider Form           Tmut/Pois      #.........   36%         3    ###....
c - Sticks to Snakes      Tmut           #.......     12%         2    ##.....


Dungeon Overview and Level Annotations

Branches:
Dungeon (6/15)
 Temple: D:4-7

Altars:
Cheibriados
Gozag
Kikubaaqudgha
Okawaru
Sif Muna
Trog

Annotations:
D:3 Grinder, Natasha


Innate Abilities, Weirdness & Mutations

You cannot wear most types of armour.
You are very stealthy in the water. (Stealth+)
You are amphibious.
You can wear up to eight rings at the same time.
You can use your tentacles to constrict eight enemies at once.
Your skin changes colour to match your surroundings (Stealth+).
Your rubbery body absorbs attacks. (AC +1, EV +1)


Message History

Sif Muna accepts your kill.
The centaur shoots an arrow.
The arrow barely misses you.
The centaur shoots an arrow.
The arrow hits you!
You see here an arrow.
Casting: Spider Form
Confirm with . or Enter, or press ? or * to list all spells.
You create a snake!
You now have 92 arrows.
You swap places.
Your transformation has ended.
The centaur shoots an arrow.
The arrow misses your ball python. The arrow hits you.
The centaur shoots an arrow.
The arrow misses your ball python. The arrow hits you!
* * * LOW HITPOINT WARNING * * *
A centaur zombie comes into view.
You see here 2 arrows.
Your ball python bites the centaur but does no damage.
The centaur shoots an arrow.
The arrow hits your ball python!
Your ball python dies!
The centaur shoots an arrow.
The arrow hits you!
You die...

###########
#.Zc(((.@.#
#(#######[#
#.............#.#
#.............#.#
#........?....#.#
#.....c#......#.#
#....## ##....#.#
#.... ....#.#
#...#
#...#.#########


You could see a centaur and a centaur zombie.

Vanquished Creatures
  The ghost of BingusPrime the Insei, an amateur OpTm (D:5)
  A centaur (D:5)
  A howler monkey (D:5)
  A crimson imp (D:5)
  A bullfrog skeleton (D:4)
  4 orc wizards (D:4)
  3 iguanas (D:4)
  Natasha (D:3)
  2 worker ants (D:4)
  A hound skeleton (D:4)
  4 gnolls
  3 adders
  An ooze (D:1)
  A worm (D:3)
  4 dart slugs (D:1)
  A leopard gecko (D:1)
  6 orcs
  3 ball pythons
  11 giant cockroaches
  9 goblins
  3 hobgoblins
  3 jackals (D:2)
  8 kobolds
  7 bats
  4 frilled lizards
  A quokka skeleton (D:4)
  8 rats
93 creatures vanquished.

Notes
Turn   | Place    | Note
-------+----------+-------------------------------------------
     0 | D:1      | BingusPrime the Octopode Transmuter began the quest for the Orb.
     0 | D:1      | Reached XP level 1. HP: 13/13 MP: 3/3
   135 | D:1      | Reached XP level 2. HP: 7/18 MP: 3/5
   745 | D:1      | Reached skill level 4 in Unarmed Combat
   855 | D:1      | Reached XP level 3. HP: 14/23 MP: 4/6
  1006 | D:1      | Learned a level 3 spell: Spider Form
  1009 | D:1      | Learned a level 2 spell: Sticks to Snakes
  1231 | D:1      | Reached skill level 1 in Stealth
  1656 | D:2      | Reached XP level 4. HP: 26/28 MP: 5/7
  2139 | D:2      | Reached skill level 5 in Unarmed Combat
  2522 | D:3      | Found an opulent altar of Gozag.
  2903 | D:3      | Reached XP level 5. HP: 33/33 MP: 4/8
  3052 | D:3      | Noticed Natasha
  3063 | D:3      | Killed Natasha
  3262 | D:3      | Noticed Grinder
  3265 | D:3      | Paralysed by Grinder for 4 turns
  3395 | D:3      | Noticed Natasha
  3979 | D:4      | Reached skill level 6 in Unarmed Combat
  4215 | D:4      | Found a deep blue altar of Sif Muna.
  4219 | D:4      | Became a worshipper of Sif Muna the Loreminder
  4249 | D:4      | Reached XP level 6. HP: 7/38 MP: 0/9
  4722 | D:4      | Identified Sif Muna's Handbook of Weightlessness
  5189 | D:4      | Found an iron altar of Okawaru.
  5192 | D:4      | Reached skill level 7 in Unarmed Combat
  5270 | D:4      | Found an ancient bone altar of Kikubaaqudgha.
  5586 | D:4      | Found a snail-covered altar of Cheibriados.
  5721 | D:5      | Entered Level 5 of the Dungeon
  5949 | D:5      | Noticed BingusPrime's ghost (amateur OpTm)
  5960 | D:5      | Reached XP level 7. HP: 8/43 MP: 4/10
  5962 | D:5      | HP: 2/43 [BingusPrime's ghost (6)]
  6283 | D:5      | Killed BingusPrime's ghost
  6283 | D:5      | Reached skill level 8 in Unarmed Combat
  7050 | D:5      | Found a bloodstained altar of Trog.
  7100 | D:5      | Shot with an arrow by a centaur

Vault maps used:
D:1:      eino_arrival_cavern_d
D:2:      minmay_roachtagon
D:3:      nicolae_tso_swordbearing_angel, grunt_gozag_breadcrumbs, uniq_grinder,
          uniq_natasha
D:4:      kennysheep_okawaru_gauntlet, marbit_many_paths,
          kiku_gazebo_pond_becter, led_sif_book, first_bread
D:5:      lemuel_crystal_altar, nemelex_altar_shiori, kennysheep_generic_room_2
D:6:      grunt_temple_overflow_forces_of_nature, ashenzari_conservatory_becter,
          nicolae_dithmenos_the_darkroom, nicolae_sextant

Skill      XL: |  1  2  3  4  5  6  7 |
---------------+----------------------+-----
Unarmed Combat | 4 5 6 7 8 |  8.4
Stealth        | 1 |  1.3
Fighting       | |  1.0
Dodging        | |  2.4
Spellcasting   | |  2.7
Transmutations | |  2.2
Poison Magic   | |  0.2

Action                   |  1- 3 |  4- 6 |  7- 9 || total
-------------------------+-------+-------+-------++-------
Melee: Unarmed           |    72 |   125 |    56 ||   253
       Constrict         |    17 |    17 |     2 ||    36
       Tentacles         |     8 |     9 |     1 ||    18
       Kick              |    11 |    14 |     2 ||    27
       Punch             |     1 |     3 |     1 ||     5
Throw: Javelin           |       |     4 |       ||     4
 Cast: Beastly Appendage |    22 |    18 |     2 ||    42
       Spider Form       |     2 |    19 |    10 ||    31
       Sticks to Snakes  |       |     2 |     3 ||     5
  Use: Scroll            |       |     5 |       ||     5
       Potion            |       |     1 |       ||     1
 Stab: Sleeping          |     3 |     7 |       ||    10
       Distracted        |     1 |       |     1 ||     2
  Eat: Chunk             |     1 |    12 |     1 ||    14
       Bread ration      |       |     2 |       ||     2
       Royal jelly       |       |       |     1 ||     1
       Fruit             |       |       |     1 ||     1
Armor: Skin              |     4 |    11 |     4 ||    19
Dodge: Dodged            |    58 |   104 |    49 ||   211

Table legend:
 A = Spawn XP
 B = Non-spawn XP
 C = Spawn XP percentage of total XP
 D = Spawn monster count
 E = Non-spawn monster count
 F = Spawn count percentage of total count
 G = Total turns spent on level
                    A         B        C        D         E        F      G
               +---------+---------+-------+---------+---------+-------+---------
         Total |       0 |    1112 |   0.0 |       0 |      93 |   0.0 |  7100
               +---------+---------+-------+---------+---------+-------+---------
           D:1 |       0 |      73 |   0.0 |       0 |      31 |   0.0 |  1628
           D:2 |       0 |      48 |   0.0 |       0 |      20 |   0.0 |   735
           D:3 |       0 |      95 |   0.0 |       0 |      14 |   0.0 |  1233
           D:4 |       0 |     404 |   0.0 |       0 |      19 |   0.0 |  2559
           D:5 |       0 |     492 |   0.0 |       0 |       9 |   0.0 |   687
               +---------+---------+-------+---------+---------+-------+---------
